 Dungeon Crawl Stone Soup version 0.17.0-28-g6e173f8 (webtiles) character file.

60 M4edhros the Sneak (level 4, -3/31 HPs)
             Began as an Octopode Wanderer on Nov 25, 2015.
             Was an Initiate of Fedhas.
             Slain by a hippogriff (5 damage)
             ... on level 3 of the Dungeon.
             The game lasted 00:01:17 (1089 turns).

M4edhros the Sneak (Octopode Wanderer)              Turns: 1089, Time: 00:01:17

Health: -3/31      AC:  1    Str:  9    XL:     4   Next: 4%
Magic:  4/4        EV: 11    Int: 15    God:    Fedhas [......]
Gold:   81         SH:  0    Dex: 16    Spells: 0 memorised, 3 levels left

rFire  . . .     SeeInvis .     a - +2 shortbow
rCold  . . .     Clarity  .     (shield currently unavailable)
rNeg   . . .     SustAt   .     (helmet restricted)
rPois  .         Gourm    .     (no amulet)
rElec  .         Spirit   .     j - +3 ring of dexterity
rCorr  .         Warding  .     (no ring)
rMut   .         Stasis   .     (no ring)
MR     .....                    (no ring)
Stlth  ++++......               (no ring)
                                (no ring)
                                (no ring)
                                (no ring)

@: not resistant to hostile enchantments, stealthy
A: almost no armour, amphibious, 8 rings, constrict 8, camouflage 1, gelatinous
body 1
a: Renounce Religion


You were on level 3 of the Dungeon.
You worshipped Fedhas.
Fedhas was noncommittal.
You were not hungry.

You visited 1 branch of the dungeon, and saw 3 of its levels.

You collected 81 gold pieces.

Inventory:

Hand Weapons
 a - a +2 shortbow (weapon)
 c - a +0 hand axe
 w - a +3 quarterstaff of chaos
Missiles
 b - 32 arrows (quivered)
 k - 8 javelins of returning
Jewellery
 j - a +3 ring of dexterity (left tentacle)
 n - an uncursed ring of ice
Scrolls
 f - a scroll of remove curse {unknown}
 g - 3 scrolls of teleportation {unknown}
 i - 4 scrolls of identify {unknown}
 m - a scroll of immolation {unknown}
 q - a scroll of fog {unknown}
 u - a scroll of recharging {unknown}
 v - a scroll of magic mapping {unknown}
Potions
 d - 2 potions of curing
 h - 4 potions of might {unknown}
 l - 3 potions of agility {unknown}
 p - a potion of mutation {unknown}
 r - a potion of resistance {unknown}
 s - a potion of heal wounds {unknown}
Comestibles
 e - 2 bread rations
 o - 2 beef jerkies
 t - a meat ration


   Skills:
 - Level 3.0 Fighting
 - Level 1.0 Staves
 - Level 3.0 Bows
 - Level 1.0 Throwing
 + Level 5.4 Stealth
   Level 1.1 Evocations


You had 3 spell levels left.
You didn't know any spells.

Dungeon Overview and Level Annotations

Branches:
Dungeon (3/15)

Altars:
Fedhas
The Shining One


Innate Abilities, Weirdness & Mutations

You cannot wear most types of armour.
You are amphibious.
You can wear up to eight rings at the same time.
You can use your tentacles to constrict eight enemies at once.
Your skin changes colour to match your surroundings (Stealth).
Your rubbery body absorbs attacks (AC +1).


Message History

Aim: a hippogriff (severely wounded)
You shoot an arrow. The arrow hits the hippogriff.
The hippogriff is severely wounded.
The hippogriff barely misses you. The hippogriff pecks you.
The hippogriff claws you.
* * * LOW HITPOINT WARNING * * *
You are too injured to fight recklessly!
Firing (i - inventory. (,) - cycle):
b - 33 arrows (quivered)
Press: ? - help, Shift-Dir - straight line, f/p - hippogriff
Aim: a hippogriff (severely wounded)
You shoot an arrow. The arrow barely misses the hippogriff.
The hippogriff bites you.
* * * LOW HITPOINT WARNING * * *
The hippogriff pecks you.
* * * LOW HITPOINT WARNING * * *
The hippogriff closely misses you. The hippogriff bites you.
* * * LOW HITPOINT WARNING * * *
The hippogriff pecks you.
You die...
Fedhas appreciates your contribution to the ecosystem.

#.# #.##.# #.###.##.#
.##.####.##...#.##
.................##
###.####..###.#...#####
#<.# #..........
#..###.#...####
#.........##
#####@##### #H# #(# #(#
#.# .(. #.# #(# ...


You could see a hippogriff.

Vanquished Creatures
  Crazy Yiuf (D:2)
  An adder (D:2)
  5 bats
  4 giant cockroaches
  2 hobgoblins
  2 giant newts (D:1)
  3 goblins
  4 kobolds
  2 rats (D:1)
24 creatures vanquished.

Vanquished Creatures (others)
  6 toadstools
6 creatures vanquished.

Grand Total: 30 creatures vanquished

Notes
Turn   | Place    | Note
--------------------------------------------------------------
     0 | D:1      | M4edhros the Octopode Wanderer began the quest for the Orb.
     0 | D:1      | M4edhros set off with: a +2 shortbow, 21 arrows, a +0 hand axe, a potion of curing, a bread ration
     0 | D:1      | Reached XP level 1. HP: 16/16 MP: 1/1
   145 | D:2      | Found a blossoming altar of Fedhas.
   152 | D:2      | Became a worshipper of Fedhas Madash
   290 | D:1      | Reached XP level 2. HP: 21/21 MP: 2/2
   806 | D:2      | Reached skill level 4 in Stealth
   806 | D:2      | Reached XP level 3. HP: 26/26 MP: 3/3
   914 | D:2      | Found a glowing golden altar of the Shining One.
   985 | D:2      | Noticed Crazy Yiuf
   994 | D:2      | Killed Crazy Yiuf
   994 | D:2      | Reached skill level 5 in Stealth
   994 | D:2      | Reached XP level 4. HP: 26/31 MP: 4/4
  1076 | D:3      | Noticed a hippogriff
  1089 | D:3      | Slain by a hippogriff

Action                   |  1- 3 |  4- 6 || total
-------------------------+-------+-------++-------
Melee: Quarterstaff      |       |     1 ||     1
 Fire: Shortbow          |    43 |     8 ||    51
